 Dungeon Crawl Stone Soup version 0.23-a0-338-g8ff0b24 (webtiles) character file.

47 jenny the Stinger (level 3, -2/23 HPs)
             Began as an Octopode Venom Mage on Oct 18, 2018.
             Hit by a goblin thrown by Robin (3 damage)
             ... on level 2 of the Dungeon.
             The game lasted 00:04:17 (1433 turns).

jenny the Stinger (Octopode Venom Mage)             Turns: 1433, Time: 00:04:18

Health: -2/23      AC:  1    Str:  7    XL:     3   Next: 70%
Magic:  1/6        EV: 14    Int: 17    God:
Gold:   37         SH:  0    Dex: 13    Spells: 3/6 levels left

rFire    . . .     SeeInvis .   j - +0 mace
rCold    . . .     Gourm    .   (no shield)
rNeg     . . .     Faith    .   (helmet restricted)
rPois    .         Spirit   .   (no amulet)
rElec    .         Reflect  .   (no ring)
rCorr    .         Harm     .   (no ring)
MR       .....                  (no ring)
Stlth    +++.......             (no ring)
HPRegen  0.07/turn              (no ring)
MPRegen  0.10/turn              (no ring)
                                (no ring)
                                (no ring)

@: no status effects
A: almost no armour, stealthy swim, amphibious, 8 rings, constrict 8, camouflage
1, gelatinous body 1
a: no special abilities


You were on level 2 of the Dungeon.
You were not hungry.

You visited 1 branch of the dungeon, and saw 2 of its levels.

You collected 37 gold pieces.

Inventory:

Hand Weapons
 c - a +0 hunting sling
 i - a +0 dagger
 j - a +0 mace (weapon)
Missiles
 a - 19 stones (quivered)
 d - 22 sling bullets
 f - 10 poisoned needles
Jewellery
 o - an uncursed ring of protection from fire {unknown}
Scrolls
 h - a scroll of enchant armour {unknown}
 m - 2 scrolls of identify {unknown}
 n - a scroll of remove curse {unknown}
Potions
 e - a potion of haste {unknown}
 k - a potion of lignification {unknown}
 l - a potion of heal wounds {unknown}
Comestibles
 b - 2 rations
 g - 9 chunks of flesh


   Skills:
 + Level 1.1 Fighting
 + Level 2.7 Dodging
 - Level 2.6 Stealth
 - Level 2.0 Spellcasting
 - Level 2.0 Conjurations
 + Level 0.6 Air Magic
 - Level 4.0 Poison Magic


You had 3 spell levels left.
You knew the following spells:

 Your Spells              Type           Power        Failure   Level  Hunger
a - Sting                 Conj/Pois      ##..         5%          1    #......
b - Poisonous Vapours     Pois/Air       #.....       12%         2    ###....

Your spell library contained the following spells:

 Spells                   Type           Power        Failure   Level  Hunger
 Mephitic Cloud           Conj/Pois/Air  #.......     24%         3    ###....
 Olgreb's Toxic Radiance  Pois           ###.....     36%         4    #####..
 Venom Bolt               Conj/Pois      ##........   83%         5    ######.


Dungeon Overview and Level Annotations

Branches:
Dungeon (2/15)

Altars:

Annotations:
D:2 Robin


Innate Abilities, Weirdness & Mutations

You cannot wear most types of armour.
You are very stealthy in the water. (Stealth+)
You are amphibious.
You can wear up to eight rings at the same time.
You can use your tentacles to constrict eight enemies at once.
Your skin changes colour to match your surroundings (Stealth+).
Your rubbery body absorbs attacks. (AC +1, EV +1)


Message History

Aiming: Sting (safe; 5% risk of failure)
Aim: Robin, wielding a +1 short sword of electrocution, wearing a +0 animal The sting hits Robin.
Casting: Sting (safe; 5% risk of failure)
Aiming: Sting (safe; 5% risk of failure)
Aim: Robin, wielding a +1 short sword of electrocution, wearing a +0 animal The sting hits Robin.
Robin completely resists.
Robin completely misses you.
Wield which item (- for none, * to show all)? (? for menu, Esc to quit)
j - a +0 mace (weapon)
Robin completely misses you.
You closely miss Robin. You grab Robin. You squeeze Robin. You constrict Robin.
Robin hits you with a +1 short sword of electrocution!
You are electrocuted!
Ouch! That really hurt!
* * * LOW HITPOINT WARNING * * *
You release your grip on Robin.
Robin looks more healthy. 3 goblins come into view.
The goblin shouts!
Robin throws the goblin at you!
You die...

#.%.......).# #.###.#
#...........# #.# #.#
#...........# #.# #.#
#########'########.##
#..)....รท.(.#
#.#########.# #.# #.# .
...######g#########'###.
......g@....gg.........#
...
.......##.######.......#
#.. ....##.##.#
##........# #.. ... #.##.#
#.........# #.# #.# # #.
#.##.# ##..8......# #.#
#.# #.#.##.##.#
#..8_8...### #.# #.#
#.........# #...8....# #.#
#.# ###.##'######........#
#.#
#<#####.#................#


You could see Robin and 3 goblins.

Vanquished Creatures
  An ooze (D:1)
  3 leopard geckos (D:1)
  3 giant cockroaches
  12 goblins
  4 hobgoblins (D:2)
  A kobold (D:1)
  4 bats (D:1)
  2 frilled lizards (D:2)
  4 rats
34 creatures vanquished.

Notes
Turn   | Place    | Note
-------+----------+-------------------------------------------
     0 | D:1      | jenny the Octopode Venom Mage began the quest for the Orb.
     0 | D:1      | Reached XP level 1. HP: 11/11 MP: 3/3
   303 | D:1      | Reached XP level 2. HP: 17/17 MP: 5/5
   431 | D:1      | Reached skill level 4 in Poison Magic
   736 | D:1      | Reached XP level 3. HP: 12/22 MP: 2/6
   904 | D:1      | Learned a level 2 spell: Poisonous Vapours
  1191 | D:2      | Found a faded altar of an unknown god.
  1225 | D:2      | Reached skill level 1 in Fighting
  1418 | D:2      | Noticed Robin
  1427 | D:2      | HP: 1/23 [Robin/+1 short sword of electrocution (15)]
  1433 | D:2      | Hit by a goblin thrown by Robin

Vault maps used:
D:1:      dpeg_arrival_lava_temple_mockup, minmay_misc_feat_alley
D:2:      chequers_ecumenical_altar_simple, uniq_robin

Skill      XL: |  1  2  3 |
---------------+----------+-----
Poison Magic   | 4 |  4.0
Fighting       | 1 |  1.1
Conjurations   | 2 |  2.0
Dodging        | |  2.7
Stealth        | |  2.6
Spellcasting   | |  2.0
Air Magic      | |  0.6

Action                   || total
-------------------------++-------
Melee: Mace              ||     1
       Constrict         ||     1
       Tentacles         ||     1
 Fire: Hunting sling     ||    69
 Cast: Sting             ||    41
  Eat: Chunk             ||     2
Armor: Skin              ||     2
Dodge: Dodged            ||    21

Table legend:
 A = Non-vault XP
 B = Vault XP
 C = Vault XP percentage of total XP
 D = Non-vault monster count
 E = Vault monster count
 F = Vault count percentage of total count
                 A         B        C        D         E       F
            +---------+---------+-------+---------+---------+-------
      Total |      56 |      12 |  17.6 |      28 |       6 |  17.6
            +---------+---------+-------+---------+---------+-------
        D:1 |      44 |       0 |   0.0 |      20 |       0 |   0.0
        D:2 |      12 |      12 |  50.0 |       8 |       6 |  42.9
            +---------+---------+-------+---------+---------+-------
